 Dungeon Crawl Stone Soup version 0.30-a0-422-g946f4849ff (webtiles) character file.

Game seed: 1204642315123623239

240 lunkers the Chopper (level 6, -3/51 HPs)
             Began as a Meteoran Fighter on Dec 8, 2022.
             Was a Believer of Okawaru.
             Slain by Natasha (5 damage)
             ... on level 3 of the Dungeon.
             The game lasted 00:02:36 (627 turns).

lunkers the Chopper (Meteoran Fighter)               Turns: 627, Time: 00:02:36

Health: -3/51      AC:  6    Str: 20    XL:     6   Next: 56%
Magic:  9/9        EV:  9    Int: 10    God:    Okawaru [**....]
Gold:   62         SH:  5    Dex: 13    Spells: 5/5 levels left

rFire   . . .      SeeInvis .    a - +0 war axe
rCold   . . .      Faith    .    c - +0 buckler
rNeg    . . .      Spirit   .    b - +0 scale mail
rPois   .          Reflect  .    (no helmet)
rElec   .          Harm     .    (no cloak)
rCorr   .          Rampage  .    (no gloves)
Will    .....                    (no boots)
Stlth   ..........               (no amulet)
HPRegen 0.28/turn                (no ring)
MPRegen 0.11/turn                (no ring)

@: slowed, glowing, very slow
A: sense surroundings 1, otherworldly, glowing, explore regen
a: Renounce Religion, Heroism


You were on level 3 of the Dungeon.
You worshipped Okawaru.
Okawaru was pleased with you.
You visited 1 branch of the dungeon, and saw 3 of its levels.

You collected 62 gold pieces.

Inventory:

Hand Weapons
 a - a +0 war axe (weapon)
Armour
 b - a +0 scale mail (worn)
 c - a +0 buckler (worn)
 i - a +0 kite shield
Scrolls
 e - a scroll of enchant weapon {unknown}
 j - a scroll of amnesia {unknown}
Potions
 d - a potion of haste {unknown}
 f - a potion of heal wounds
 g - 2 potions of brilliance {unknown}
 h - a potion of curing {unknown}


   Skills:
 - Level 3.2 Fighting
 * Level 6.5 Axes
 - Level 3.6 Armour
 - Level 3.6 Shields
 + Level 3.6 Invocations


You had 5 spell levels left.
You didn't know any spells.
Your spell library contained the following spells:

 Spells                   Type           Power      Damage    Failure   Level
 Necrotise                Necr           0%         1d4       80%         1
 Vampiric Draining        Necr           0%         2d6       99%         3
 Agony                    Necr           0%         N/A       100%        5


Dungeon Overview and Level Annotations

Branches:
Dungeon (3/15) Zot: 1133

Altars:
Okawaru

Annotations:
D:3 Natasha


Innate Abilities, Weirdness & Mutations

You passively map a small area around you.
You are easily found by Zot.
You glow in the dark.
You regain HP and MP as you explore.


Message History

You barely miss Natasha. You barely miss the crimson imp.
You hit the iron imp but do no damage. Natasha claws you.
* * * LOW HITPOINT WARNING * * *
The crimson imp blinks!
The iron imp puffs mist at you. The iron imp hits you.
* * * LOW HITPOINT WARNING * * *
Natasha claws you but does no damage. The iron imp hits you.
* * * LOW HITPOINT WARNING * * *
You hit Natasha.
Natasha is moderately wounded.
You closely miss the iron imp. Natasha casts a spell at you.
You easily resist.
The iron imp hits you.
* * * LOW HITPOINT WARNING * * *
Natasha claws you.
* * * LOW HITPOINT WARNING * * *
You completely miss Natasha.
Natasha is moderately wounded.
You hit the iron imp. You block Natasha's attack. The iron imp hits you.
* * * LOW HITPOINT WARNING * * *
Natasha wildly gestures.
Natasha glows brightly for a moment.
Natasha claws you.
* * * LOW HITPOINT WARNING * * *
The crimson imp hits you but does no damage.
The iron imp shouts, "Tremble, thou odious rump-fed wagtail!"
You block the iron imp's attack.
You barely miss Natasha.
Natasha is moderately wounded.
You hit the iron imp. You hit the crimson imp.
Natasha wildly gestures.
Natasha glows brightly for a moment.
Natasha claws you.
* * * LOW HITPOINT WARNING * * *
The crimson imp hits you but does no damage.
The iron imp hits you.
* * * LOW HITPOINT WARNING * * *
Natasha claws you.
You die...

...
#........# ,,
).##........#
............#
, ,
...........#
, *
#..........#
, , ,
#..........#
#.5h5......#
* #.@......#
, ##......##
* ##.##### ,
* * #..# #.##
* #.# * ##.#
* * #..# * *
#.##


You could see an iron imp (summoned), Natasha and a crimson imp (summoned).

Vanquished Creatures
  Sigmund (D:2)
  2 adders (D:2)
  2 dart slugs
  5 ball pythons
  6 endoplasms
  A giant cockroach (D:1)
  2 goblins
  7 hobgoblins
  2 jackals (D:1)
  A kobold (D:1)
  5 quokkas
  3 bats (D:1)
  3 frilled lizards
  2 rats
42 creatures vanquished.

Vanquished Creatures (others)
  4 toadstools (D:1)
4 creatures vanquished.

Grand Total: 46 creatures vanquished

Notes
Turn   | Place    | Note
-------+----------+-------------------------------------------
     0 | D:1      | lunkers the Meteoran Fighter began the quest for the Orb.
     0 | D:1      | Reached XP level 1. HP: 19/19 MP: 2/2
    37 | D:1      | Reached skill level 3 in Axes
    37 | D:1      | Reached XP level 2. HP: 18/26 MP: 3/3
   124 | D:1      | Found a faded altar of an unknown god.
   174 | D:1      | Reached XP level 3. HP: 31/31 MP: 4/4
   190 | D:1      | Prayed at the altar of an unknown god.
   190 | D:1      | Became a worshipper of Warmaster Okawaru
   190 | D:1      | Reached * piety under Okawaru
   236 | D:1      | Reached skill level 4 in Axes
   303 | D:1      | Reached skill level 1 in Invocations
   346 | D:2      | Noticed Sigmund
   354 | D:2      | Killed Sigmund
   354 | D:2      | Reached ** piety under Okawaru
   355 | D:2      | Reached skill level 6 in Axes
   355 | D:2      | Reached XP level 4. HP: 25/38 MP: 4/7
   355 | D:2      | Reached XP level 5. HP: 30/45 MP: 4/8
   355 | D:2      | Reached XP level 6. HP: 34/51 MP: 4/9
   614 | D:3      | Noticed Natasha
   627 | D:3      | HP: 2/51 [iron imp[Natasha] (3)]
   627 | D:3      | Slain by Natasha

Illustrated notes

Levels and vault maps discovered:
D:1:      ldierk_walled_garden_2, layout_rooms, ebering_ecumenical_altar_hall,
          st_stairs_10, minivault_14
D:2:      layout_loops_ring, uniq_sigmund
D:3:      layout_rooms, minmay_misc_feat_room, uniq_natasha

Skill      XL: |  1  2  3 |
---------------+----------+-----
Axes           | 3 6 |  6.5
Invocations    | 3 |  3.6
Fighting       | |  3.2
Armour         | |  3.6
Shields        | |  3.6

Action                   |  1- 3 |  4- 6 || total
-------------------------+-------+-------++-------
Melee: War axe           |    63 |    52 ||   115
  Use: Potion            |     1 |       ||     1
Armor: Scale mail        |    29 |    18 ||    47
Dodge: Dodged            |    27 |    17 ||    44
Block: Buckler           |    21 |    12 ||    33

Table legend: (Time is in decaauts)
 A = Elapsed time spent in this place.
 B = Non-inter-level travel time spent in this place.
 C = Inter-level travel time spent in this place.
 D = Time resting spent in this place.
 E = Time spent auto-exploring this place.
 F = Levels seen in this place.
 G = Mean time per level.
                   A        B        C        D        E       F      G
               +--------+--------+--------+--------+--------+-----+--------+
         Total |    665 |    607 |     58 |      0 |    330 |   3 |  221.7 |
       Dungeon |    665 |    607 |     58 |      0 |    330 |   3 |  221.7 |
               +--------+--------+--------+--------+--------+-----+--------+

Top non-repeatable levels by time:
     D:1: 367 daAuts
     D:2: 226 daAuts
     D:3: 70 daAuts
